 Dungeon Crawl Stone Soup version 0.21.1 (webtiles) character file.

105 Larett the Sneak (level 4, 0/29 HPs)
             Began as an Octopode Assassin on Feb 3, 2018.
             Slain by dianaspawn's ghost (3 damage)
             ... on level 4 of the Dungeon.
             The game lasted 00:06:47 (2652 turns).

Larett the Sneak (Octopode Assassin)                Turns: 2652, Time: 00:06:48

Health: 0/29       AC:  1    Str: 10    XL:     4   Next: 83%
Magic:  4/4        EV: 13    Int: 13    God:
Gold:   212        SH:  0    Dex: 14    Spells: 3/3 levels left

rFire    + . .     SeeInvis .   a - +3 dagger
rCold    x . .     Gourm    .   (no shield)
rNeg     . . .     Faith    .   (helmet restricted)
rPois    .         Spirit   .   U - amulet of rage
rElec    .         Reflect  .   z - ring of fire
rCorr    .         Harm     .   x - ring of stealth
MR       .....                  (no ring)
Stlth    ++++++....             (no ring)
HPRegen  0.09/turn              (no ring)
MPRegen  0.09/turn              (no ring)
                                (no ring)
                                (no ring)

@: hasted, very quick
A: almost no armour, stealthy swim, amphibious, 8 rings, constrict 8, camouflage
1, gelatinous body 1
a: Evoke Berserk Rage


You were on level 4 of the Dungeon.
You were not hungry.

You visited 1 branch of the dungeon, and saw 4 of its levels.

You collected 212 gold pieces.

Inventory:

Hand Weapons
 a - a +3 dagger (weapon)
 q - a +0 blowgun
 w - a +0 vampiric dagger
Missiles
 c - 8 poisoned needles
 d - 2 curare-tipped needles
 t - 231 stones (quivered)
 u - 35 arrows
 C - 46 bolts
 I - 5 tomahawks
 W - 3 javelins
 Z - a throwing net {!f}
Jewellery
 x - a ring of stealth (right tentacle)
 z - a ring of fire (left tentacle)
 B - an uncursed ring of ice
 U - an amulet of rage (around mantle)
Scrolls
 T - a scroll of teleportation
 Y - a scroll of amnesia {unknown}
Potions
 p - 3 potions of haste
 A - 2 potions of agility {unknown}
 D - 2 potions of magic {unknown}
 E - a potion of brilliance {unknown}
 G - 2 potions of lignification {unknown}
 J - 2 potions of might {unknown}
 Q - 4 potions of curing
 V - a potion of berserk rage {unknown}
 X - 3 potions of heal wounds {unknown}
Comestibles
 f - 7 rations


   Skills:
 - Level 2.0 Fighting
 + Level 2.6 Short Blades
 - Level 2.0 Throwing
 + Level 1.9 Dodging
 - Level 7.5 Stealth


You had 3 spell levels left.
You didn't know any spells.

Dungeon Overview and Level Annotations

Branches:
Dungeon (4/15)
 Temple: D:4-7

Altars:

Annotations:
D:4 dianaspawn's ghost, novice VSAK


Innate Abilities, Weirdness & Mutations

You cannot wear most types of armour.
You are very stealthy in the water. (Stealth+)
You are amphibious.
You can wear up to eight rings at the same time.
You can use your tentacles to constrict eight enemies at once.
Your skin changes colour to match your surroundings (Stealth+).
Your rubbery body absorbs attacks. (AC +1, EV +1)


Message History

Found a scroll labeled PONLOY OZURE.
Found a leather armour.
You see here a scroll labeled PONLOY OZURE.
Y - a scroll labeled PONLOY OZURE Dianaspawn's ghost hits you.
You hit dianaspawn's ghost.
Dianaspawn's ghost is lightly damaged.
You barely miss dianaspawn's ghost. You squeeze dianaspawn's ghost.
Dianaspawn's ghost is moderately damaged.
Dianaspawn's ghost hits you!
You barely miss dianaspawn's ghost.
Dianaspawn's ghost is moderately damaged.
Dianaspawn's ghost hits you!
You hit dianaspawn's ghost but do no damage.
Dianaspawn's ghost is moderately damaged.
Dianaspawn's ghost hits you!
* * * LOW HITPOINT WARNING * * *
It was a potion of haste.
You feel yourself speed up. Dianaspawn's ghost hits you.
You die...

...[.......#.####.##.....######.#
####.#..............##### ..
.....###........#.#.# ..
....####>)......#.#<# ..
................W.#.###### .
....#######....###........
....'.....'....#..........
....#######....#W......... ....#
#....#@......... ....#
#....#.......... ....#
#....#.......... #####
######.......... # #.......... #
#...###[## #...# .. #...#


You could see dianaspawn's ghost.

Vanquished Creatures
  A bullfrog skeleton (D:4)
  An adder (D:2)
  3 oozes
  A worm (D:2)
  3 dart slugs
  2 ball pythons
  2 giant cockroaches
  5 goblins
  4 hobgoblins
  4 jackals (D:4)
  11 bats
  4 frilled lizards
  5 kobolds
  2 rats (D:1)
48 creatures vanquished.

Notes
Turn   | Place    | Note
-------+----------+-------------------------------------------
     0 | D:1      | Larett the Octopode Assassin began the quest for the Orb.
     0 | D:1      | Reached XP level 1. HP: 14/14 MP: 1/1
   104 | D:1      | Reached XP level 2. HP: 17/19 MP: 2/2
   116 | D:1      | Reached skill level 6 in Stealth
   513 | D:1      | Reached XP level 3. HP: 24/24 MP: 3/3
   849 | D:2      | Reached skill level 7 in Stealth
  1708 | D:3      | Reached XP level 4. HP: 29/29 MP: 4/4
  2629 | D:4      | Noticed dianaspawn's ghost (novice VSAK)
  2651 | D:4      | HP: 3/29 [dianaspawn's ghost (8)]
  2652 | D:4      | Slain by dianaspawn's ghost

Skill      XL: |  1  2  3 |
---------------+----------+-----
Stealth        | 6 7 |  7.5
Fighting       | |  2.0
Short Blades   | |  2.6
Throwing       | |  2.0
Dodging        | |  1.9

Action                   |  1- 3 |  4- 6 || total
-------------------------+-------+-------++-------
Melee: Dagger            |    53 |    25 ||    78
       Constrict         |    11 |     3 ||    14
       Tentacles         |     7 |     5 ||    12
       Short sword       |       |     2 ||     2
  Use: Scroll            |     1 |     6 ||     7
       Potion            |       |     1 ||     1
 Stab: Sleeping          |    13 |     5 ||    18
  Eat: Chunk             |     2 |     3 ||     5
Armor: Skin              |     4 |     3 ||     7
Dodge: Dodged            |    31 |    13 ||    44
